cohdb
Replays
Latest Replays
All Replays
Popular Replays
Top Player Replays
Match Explorer
How It Works
Community
CoH3 Stats
Reddit
Sign in to upload your games and track your stats! →
Sign in with Steam
Match 42279736
Unlisted
Match 42279736
Overview
Messages
Build Orders
End
Kradschützen Motorcycle Team
Selects Battlefield Espionage Battlegroup
Panzerpioneer Squad
Panzerpioneer Squad
Panzerpioneer Squad
Panzerpioneer Squad
Selects Intel Disruption Beacon
Construct Light Support Kompanie
Fire Support Elements
MG34 Team
Pak 38 Mechanized Group
Selects 250/3 Funkpanzerwagen
Selects Transfer Depots
Flakvierling Half-track
2.5-tonne Medical Truck
MG34 Team
Pak 38 Mechanized Group
Vehicle Survival Package
Selects Advanced Ambush Training
Construct Panzerarmee Kommand
Panzerpioneer Squad
Armored Reserves
2.5-tonne Medical Truck
Selects Operation Skorpion
Panzerpioneer Squad
Panzerpioneer Squad
Kitsuné
Dumais
HulkSMASH
⚓️Ruby⚓
0
0
Comments
sign in to comment!
No comments posted yet!